 Dungeon Crawl Stone Soup version 0.24-a0-537-g2d01d4ab0a (webtiles) character file.

Game seed: 15447045771877542511

4624 EnegeticOcto the Cleaver (level 10, 0/79 HPs)
             Began as a Mummy Berserker on Aug 16, 2019.
             Was an Elder of Trog.
             Slain by a two-headed ogre
             ... wielding a +0 giant spiked club
              (7 damage)
             ... on level 9 of the Dungeon.
             The game lasted 00:07:54 (9440 turns).

EnegeticOcto the Cleaver (Mummy Berserker)          Turns: 9440, Time: 00:07:55

Health: 0/79       AC: 13    Str: 22    XL:     10   Next: 19%
Magic:  12/12      EV:  4    Int:  7    God:    Trog [****..]
Gold:   474        SH: 14    Dex: 11    Spells: 9/9 levels left

rFire    x . .     SeeInvis .   j - +2 war axe of Ruumuel {chop, rElec MR+ Str-2}
rCold    + + .     Gourm    .   n - +0 large shield
rNeg     + + +     Faith    .   s - +0 plate armour
rPois    ∞         Spirit   .   p - +0 helmet
rElec    +         Reflect  .   (no cloak)
rCorr    .         Harm     .   (no gloves)
MR       ++...                  (no boots)
Stlth    ..........             (no amulet)
HPRegen  0.23/turn              e - ring of protection from cold
MPRegen  0.13/turn              l - ring of stealth

@: no status effects
A: no food or potions, fire vulnerability, cold resistance 1, negative energy
resistance 3, torment resistance, unbreathing
a: Trog's Hand, Brothers in Arms, Renounce Religion


You were on level 9 of the Dungeon.
You worshipped Trog.
Trog was greatly pleased with you.
You were not hungry.

You visited 1 branch of the dungeon, and saw 9 of its levels.

You collected 513 gold pieces.
You spent 39 gold pieces at shops.

Inventory:

Hand Weapons
 j - the +2 war axe of Ruumuel (weapon) {chop, rElec MR+ Str-2}
   (You found it on level 5 of the Dungeon)

   It inflicts extra damage upon your enemies.
   It affects your strength (-2).
   It insulates you from electricity.
   It affects your resistance to hostile enchantments.
 q - a +4 hand axe
Missiles
 a - a throwing net (quivered) {!f}
Armour
 f - a +0 pair of boots
 n - a +0 large shield (worn)
 p - a +0 helmet (worn)
 s - a +0 plate armour (worn)
Jewellery
 e - a ring of protection from cold (left hand)
 l - a ring of stealth (right hand)
Wands
 k - a wand of polymorph (7)
 m - a wand of enslavement (9)
 o - a wand of flame (12)
Scrolls
 b - 2 scrolls of remove curse {@r2}
 c - 2 scrolls of fear {unknown}
 d - a scroll of blinking {@r4}
 g - 2 scrolls of enchant weapon
 h - 2 scrolls of enchant armour
 i - 6 scrolls of teleportation {@r3 !r}
 r - a scroll of magic mapping {unknown}
 t - a scroll of identify {@r1}


   Skills:
 + Level 7.2 Fighting
 * Level 8.2 Axes
 + Level 4.7 Armour
 + Level 4.8 Dodging
 + Level 3.4 Shields
 + Level 3.0 Evocations


You had 9 spell levels left.
You didn't know any spells.
Your spell library was empty.

Dungeon Overview and Level Annotations

Branches:
Dungeon (9/15)             Temple (0/1) D:6            Lair (0/6) D:8
    Orc: D:9-12

Altars:
Dithmenos
Gozag
Hepliaklqana
Makhleb
Okawaru
Qazlal
Ru
Trog
Xom
Yredelemnul
Zin

Shops:
D:4 (

Annotations:
D:8 2 transporters, DavidChitty2's ghost, novice DrCj


Innate Abilities, Weirdness & Mutations

You do not eat or drink.
Your flesh is vulnerable to fire.
You are immune to poison.
Your flesh is cold resistant. (rC+)
You are immune to negative energy. (rN+++)
You are immune to unholy pain and torment.
You can survive without breathing.


Message History

The killer bee stings you but does no damage. x2
Your shield prevents you from hitting the killer bee.
The killer bee is almost dead.
You block the killer bee's attack.
The killer bee stings you but does no damage.
You miss the killer bee.
The killer bee is almost dead.
You block the killer bee's attack. x2
You miss the killer bee.
The killer bee is almost dead.
The killer bee stings you but does no damage.
You block the killer bee's attack.
You closely miss the killer bee.
The killer bee is almost dead.
You block the killer bee's attack.
The killer bee stings you but does no damage.
You closely miss the killer bee.
The killer bee is almost dead.
The killer bee stings you.
Your shield and plate armour prevent you from hitting the killer bee.
The killer bee is almost dead.
The killer bee stings you but does no damage.
The killer bee stings you.
Your shield and plate armour prevent you from hitting the killer bee.
The killer bee is almost dead.
The killer bee stings you but does no damage. x2
Wield which item (- for none, * to show all)? (? for menu, Esc to quit)
j - the +2 war axe of Ruumuel (weapon)
{chop, rElec MR+ Str-2} You block the killer bee's attack.
You closely miss the killer bee.
The killer bee is almost dead.
The killer bee stings you.
The killer bee stings you but does no damage.
The killer bee barely misses you.
You hit the killer bee.
You kill the killer bee!
Trog accepts your kill.
Your Evocations skill increases to level 3!
You see here a killer bee corpse.
Found a stone staircase leading up.
Found 9 arrows.
A two-headed ogre comes into view.
It is wielding a +0 giant spiked club and a +0 giant club.
The two-headed ogre shouts in stereo!
Found a ration.
A two-headed ogre is nearby!
Evoke which item? (* to show all) (? for menu, Esc to quit)
Aiming: Throw Flame
Press: ? - help, Shift-Dir - straight line, f - two-headed ogre
Aim: a two-headed ogre, wielding a +0 giant spiked club and a +0 giant club The puff of flame hits the two-headed ogre.
The two-headed ogre is lightly wounded.
Evoke which item? (* to show all) (? for menu, Esc to quit)
Aiming: Throw Flame
Press: ? - help, Shift-Dir - straight line, f/p - two-headed ogre
Aim: a two-headed ogre, wielding a +0 giant spiked club and a +0 giant club (lightly wounded)
The puff of flame hits the two-headed ogre!
The two-headed ogre is lightly wounded.
Evoke which item? (* to show all) (? for menu, Esc to quit)
Aiming: Throw Flame
Press: ? - help, Shift-Dir - straight line, f/p - two-headed ogre
Aim: a two-headed ogre, wielding a +0 giant spiked club and a +0 giant club (lightly wounded)
The puff of flame misses the two-headed ogre.
You slash the two-headed ogre!
The two-headed ogre is moderately wounded.
You block the two-headed ogre's attack.
The two-headed ogre hits you with a +0 giant club!
You hit the two-headed ogre.
The two-headed ogre is moderately wounded.
The two-headed ogre hits you with a +0 giant spiked club!!
The two-headed ogre hits you with a +0 giant club!
You are too injured to fight recklessly!
You are too injured to fight recklessly!
You are too injured to fight recklessly!
You are too injured to fight recklessly!
You are too injured to fight recklessly!
You are too injured to fight recklessly!
Your plate armour prevents you from hitting the two-headed ogre.
The two-headed ogre is moderately wounded.
The two-headed ogre hits you but does no damage. x2
You barely miss the two-headed ogre.
The two-headed ogre is moderately wounded.
Your shield and plate armour prevent you from hitting the two-headed ogre.
The two-headed ogre is moderately wounded.
You block the two-headed ogre's attack.
The two-headed ogre hits you with a +0 giant club!
Your shield prevents you from hitting the two-headed ogre.
The two-headed ogre is moderately wounded.
The two-headed ogre hits you with a +0 giant spiked club.
The two-headed ogre hits you with a +0 giant club!!
* * * LOW HITPOINT WARNING * * *
You slash the two-headed ogre!
The two-headed ogre is heavily wounded.
You block the two-headed ogre's attack.
The two-headed ogre hits you with a +0 giant club.
* * * LOW HITPOINT WARNING * * *
Okay, then.
You fail to use your ability.
You block the two-headed ogre's attack.
The two-headed ogre hits you with a +0 giant club!
You die...

(..........# #
...........#############
..<....................†
........................
#######.################
#.# #.# #.# #@#
.......O# .........
####%..... #...#### #...
#... #...


You could see a two-headed ogre.

Vanquished Creatures
  2 kobold demonologists (D:8)
  Prince Ribbit (D:7)
  Sigmund (D:6)
  A hippogriff (D:8)
  A hungry ghost (D:5)
  A water moccasin (D:8)
  An orc warrior (D:8)
  A porcupine (D:8)
  A black bear (D:6)
  A sky beast (D:7)
  A phantom (D:4)
  3 ogres
  3 centaurs
  A crocodile (D:8)
  2 big kobolds
  5 bullfrogs
  A wyvern zombie (D:6)
  3 scorpions
  11 killer bees
  2 howler monkeys
  6 crimson imps
  2 jellies
  3 orc priests
  A centaur skeleton (D:8)
  A bullfrog zombie (D:5)
  3 hounds
  2 orc wizards (D:8)
  5 iguanas
  6 worker ants
  A hound zombie (D:6)
  A hound skeleton (D:5)
  A gnoll (D:1)
  8 adders
  A howler monkey skeleton (D:5)
  4 shadow imps
  4 worms
  2 dart slugs
  4 leopard geckos
  22 orcs
  4 bats
  5 giant cockroaches
  11 goblins
  3 hobgoblins
  8 jackals
  2 quokkas
  3 ball pythons
  3 frilled lizards
  18 kobolds
  A leopard gecko skeleton (D:6)
  A quokka skeleton (D:8)
  6 rats
185 creatures vanquished.

Vanquished Creatures (others)
  3 fungi (D:8)
  A plant (D:8)
4 creatures vanquished.

Grand Total: 189 creatures vanquished

Notes
Turn   | Place    | Note
-------+----------+-------------------------------------------
     0 | D:1      | EnegeticOcto the Mummy Berserker began the quest for the
                  | Orb.
     0 | D:1      | Reached XP level 1. HP: 18/18 MP: 1/1
   338 | D:1      | Reached XP level 2. HP: 24/24 MP: 2/2
   558 | D:1      | Reached skill level 3 in Axes
   762 | D:1      | Reached XP level 3. HP: 27/29 MP: 3/3
  1221 | D:2      | Found a hazy altar of Hepliaklqana.
  1222 | D:2      | Found a shimmering altar of Xom.
  1223 | D:2      | Noticed a spectral ugly thing
  1371 | D:2      | Reached ** piety under Trog
  1530 | D:2      | Reached XP level 4. HP: 37/37 MP: 4/4
  1690 | D:2      | Found an opulent altar of Gozag.
  2262 | D:3      | Reached skill level 4 in Axes
  2374 | D:3      | Found an iron altar of Okawaru.
  2378 | D:3      | Found a glowing silver altar of Zin.
  2380 | D:3      | Found a stormy altar of Qazlal.
  2381 | D:3      | Found a bloodstained altar of Trog.
  2382 | D:3      | Found a burning altar of Makhleb.
  2474 | D:3      | Reached XP level 5. HP: 42/42 MP: 5/5
  2728 | D:4      | Found a basalt altar of Yredelemnul.
  2929 | D:4      | Reached XP level 6. HP: 36/49 MP: 6/6
  3178 | D:4      | Reached skill level 5 in Axes
  3492 | D:4      | Reached *** piety under Trog
  3533 | D:4      | Reached skill level 5 in Fighting
  3868 | D:4      | Found Neumogh's Weapon Boutique.
  3871 | D:4      | Bought a throwing net for 39 gold pieces
  4372 | D:4      | Found a shadowy altar of Dithmenos.
  4400 | D:4      | Reached XP level 7. HP: 56/56 MP: 7/7
  4484 | D:5      | Entered Level 5 of the Dungeon
  4533 | D:5      | Got an encrusted war axe
  4534 | D:5      | Identified the cursed +2 war axe of Ruumuel {chop, rElec
                  | MR+ Str-2} (You found it on level 5 of the Dungeon)
  4574 | D:5      | Noticed a hungry ghost
  4610 | D:5      | Killed a hungry ghost
  5151 | D:5      | Reached skill level 6 in Axes
  5751 | D:6      | Reached XP level 8. HP: 15/63 MP: 8/8
  6497 | D:6      | Noticed Sigmund
  6505 | D:6      | Killed Sigmund
  6505 | D:6      | Reached skill level 1 in Shields
  6548 | D:6      | Found a staircase to the Ecumenical Temple.
  7113 | D:7      | Reached skill level 7 in Axes
  7311 | D:7      | Found a sacrificial altar of Ru.
  7337 | D:7      | Reached skill level 1 in Evocations
  7337 | D:7      | Reached XP level 9. HP: 65/70 MP: 9/9
  7393 | D:7      | Noticed Prince Ribbit
  7694 | D:7      | Killed Prince Ribbit
  7889 | D:8      | Reached **** piety under Trog
  8024 | D:8      | Noticed a kobold demonologist
  8024 | D:8      | Noticed a kobold demonologist
  8070 | D:8      | Killed a kobold demonologist
  8077 | D:8      | Killed a kobold demonologist
  8418 | D:8      | Reached skill level 8 in Axes
  8425 | D:8      | Reached XP level 10. HP: 69/79 MP: 10/12
  8571 | D:8      | Found a transporter.
  8586 | D:8      | Noticed DavidChitty2's ghost (novice DrCj)
  8587 | D:8      | Noticed a moth of wrath
  8643 | D:8      | Found a staircase to the Lair.
  8688 | D:8      | Found a bloodstained altar of Trog.
  8699 | D:8      | Found a transporter.
  9428 | D:9      | Noticed a two-headed ogre
  9440 | D:9      | Slain by a two-headed ogre

Levels and vault maps discovered:
D:1:      dpeg_arrival_pond, layout_basic
D:2:      layout_loops_ring, regret_index_temple_of_mockery,
          nicolae_gozag_seed_capital
D:3:      layout_rooms, minitemple, first_ration
D:4:      layout_layer_cave, yredelemnul_altar_generic, serial_shops,
          kennysheep_mini_moat, grunt_dithmenos_shadows
D:5:      layout_basic
D:6:      layout_loops_corners, uniq_sigmund
D:7:      layout_basic, basic_altar, uniq_prince_ribbit1
D:8:      layout_loops_cross, grunt_lair_entry_orc_guard_hut,
          gammafunk_ghost_wrathful_warriors
D:9:      layout_long_grid

Skill      XL: |  1  2  3  4  5  6  7  8  9 10 |
---------------+-------------------------------+-----
Axes           | 3 4 5 6 7 8 |  8.2
Fighting       | 4 5 6 7 |  7.2
Armour         | 2 3 4 |  4.7
Dodging        | 2 3 4 |  4.8
Shields        | 1 3 |  3.4
Evocations     | 1 2 3 |  3.0

Action                   |  1- 3 |  4- 6 |  7- 9 | 10-12 || total
-------------------------+-------+-------+-------+-------++-------
Melee: Hand axe          |    57 |    84 |       |    73 ||   214
       Whip              |   111 |    51 |       |       ||   162
       War axe           |       |   103 |   349 |    11 ||   463
Invok: Trog's Hand       |       |     1 |     1 |       ||     2
Evoke: Wand              |       |       |       |     3 ||     3
  Use: Scroll            |     3 |     3 |       |     1 ||     7
Armor: Ring mail         |    72 |    19 |       |       ||    91
       Animal skin       |     1 |       |       |       ||     1
       Chain mail        |       |   108 |   170 |     2 ||   280
       Plate armour      |       |       |       |    58 ||    58
Dodge: Dodged            |   142 |   133 |   116 |    18 ||   409
Block: Large shield      |       |       |   162 |    82 ||   244
       Buckler           |       |       |     5 |       ||     5

Table legend:
 A = Non-vault XP
 B = Vault XP
 C = Vault XP percentage of total XP
 D = Non-vault monster count
 E = Vault monster count
 F = Vault count percentage of total count
                 A         B        C        D         E       F
            +---------+---------+-------+---------+---------+-------
      Total |    5543 |    1063 |  16.1 |     177 |       8 |   4.3
            +---------+---------+-------+---------+---------+-------
        D:1 |      51 |       0 |   0.0 |      21 |       0 |   0.0
        D:2 |      68 |       0 |   0.0 |      23 |       0 |   0.0
        D:3 |     171 |       0 |   0.0 |      26 |       0 |   0.0
        D:4 |     463 |      12 |   2.5 |      18 |       1 |   5.3
        D:5 |     584 |       0 |   0.0 |      15 |       0 |   0.0
        D:6 |     664 |     242 |  26.7 |      14 |       1 |   6.7
        D:7 |     644 |     268 |  29.4 |      13 |       1 |   7.1
        D:8 |    2205 |     541 |  19.7 |      37 |       5 |  11.9
        D:9 |     693 |       0 |   0.0 |      10 |       0 |   0.0
            +---------+---------+-------+---------+---------+-------
